 Dungeon Crawl Stone Soup version 0.29.1-14-g9c671dbff4 (webtiles) character file.

Game seed: 1464942854811739845

922 wolfrpgdude the Ruffian (level 7, -11/73 HPs)
             Began as a Troll Fighter on Feb 15, 2023.
             Mangled by Pikel
             ... wielding a +2 whip of freezing
              (12 damage)
             ... on level 5 of the Dungeon.
             The game lasted 00:10:45 (3208 turns).

wolfrpgdude the Ruffian (Troll Fighter)             Turns: 3208, Time: 00:10:46

Health: -11/73     AC:  4    Str: 27    XL:     7   Next: 84%
Magic:  6/6        EV: 15    Int:  4    God:
Gold:   190        SH:  0    Dex: 15    Spells: 6/6 levels left

rFire   . . .      SeeInvis .   z - +0 giant club
rCold   . . .      Faith    .   (shield currently unavailable)
rNeg    . . .      Spirit   .   a - +0 robe
rPois   .          Reflect  .   (helmet restricted)
rElec   .          Harm     .   (no cloak)
rCorr   .          Rampage  .   (gloves unavailable)
Will    .....                   (boots unavailable)
Stlth   ++........              (no amulet)
HPRegen 1.02/turn               m - +4 ring of evasion
MPRegen 0.10/turn               s - +6 ring of dexterity

@: flying
A: large, unfitting armour, claws 3, regeneration 1, shaggy fur 1, tough skin 1,
robust 1
a: no special abilities


You were on level 5 of the Dungeon.
You visited 1 branch of the dungeon, and saw 5 of its levels.

You collected 190 gold pieces.

Inventory:

Hand Weapons
 x - a +2 spear of venom
 z - a +0 giant club (weapon)
Missiles
 p - 3 poisoned darts (quivered)
Armour
 a - a +0 robe (worn)
Jewellery
 m - a +4 ring of evasion (left claw)
 o - a ring of poison resistance
 s - a +6 ring of dexterity (right claw)
 v - a ring of see invisible
Wands
 w - a wand of digging (1)
Scrolls
 b - a scroll of silence {unknown}
 f - a scroll of enchant armour {unknown}
 h - 3 scrolls of teleportation
 l - 7 scrolls of identify
 q - a scroll of poison
 y - a scroll of magic mapping
Potions
 c - 2 potions of might
 d - a potion of invisibility
 e - a potion of resistance {unknown}
 g - a potion of flight
 i - a potion of magic {unknown}
 j - 2 potions of attraction {unknown}
 k - a potion of degeneration {unknown}
 n - 2 potions of lignification {unknown}
 r - a potion of heal wounds {unknown}
 t - a potion of cancellation {unknown}
 u - a potion of ambrosia {unknown}


   Skills:
 + Level 3.0 Fighting
 + Level 0.1 Polearms
 + Level 4.1 Dodging
 + Level 0.5 Stealth
 + Level 5.0 Shields
 + Level 6.2 Unarmed Combat


You had 6 spell levels left.
You didn't know any spells.
Your spell library contained the following spells:

 Spells                   Type           Power      Damage    Failure   Level
 Foxfire                  Conj/Fire      0%         2x1d4     50%         1
 Freeze                   Ice            0%         1d3       50%         1
 Magic Dart               Conj           0%         1d3       50%         1
 Scorch                   Fire           0%         2d5       65%         2
 Searing Ray              Conj           0%         2d4       65%         2
 Conjure Flame            Conj/Fire      0%         6-21      86%         3
 Frozen Ramparts          Ice            0%         1d1       86%         3
 Ignite Poison            Fire/Tmut/Pois 0%         N/A       86%         3
 Inner Flame              Hex/Fire       0%         N/A       86%         3
 Flame Wave               Conj/Fire      0%         2d4       99%         4
 Fulminant Prism          Conj/Hex       0%         3d6       99%         4
 Hailstorm                Conj/Ice       0%         3d3       99%         4
 Sticky Flame             Conj/Fire      0%         2d3       99%         4
 Summon Cactus Giant      Summ           0%         N/A       100%        6


Dungeon Overview and Level Annotations

Branches:
Dungeon (5/15)
 Temple: D:4-7

Altars:
Gozag
Kikubaaqudgha
Ru
Vehumet
Zin

Annotations:
D:5 Pikel


Innate Abilities, Weirdness & Mutations

You are too large for most types of armour.
You have claws for hands.
Your natural rate of healing is unusually fast.
You are covered in fur. (AC +1)
You have tough skin. (AC +1)
You are robust. (+10% HP)


Message History

The lemure misses you.
You sock the lemure!
The lemure is almost dead.
The lemure closely misses you. The lemure barely misses you.
You closely miss the lemure.
The lemure is almost dead.
The lemure closely misses you.
You sock the lemure!
You kill the lemure!
That felt strangely unrewarding.
Pikel hits you with a +2 whip of freezing!
Pikel freezes you.
A lemure comes into view.
You closely miss Pikel.
Pikel hits you with a +2 whip of freezing!
Pikel freezes you.
Pikel hits you with a +2 whip of freezing!
Pikel freezes you.
You miss Pikel.
Pikel hits you with a +2 whip of freezing.
Pikel freezes you.
* * * LOW HITPOINT WARNING * * *
The lemure shouts!
You thump Pikel!
Pikel is moderately wounded.
Pikel hits you with a +2 whip of freezing.
* * * LOW HITPOINT WARNING * * *
Pikel freezes you.
* * * LOW HITPOINT WARNING * * *
Pikel closely misses you.
It was a potion of flight.
You feel very buoyant.
You fly up into the air.
Pikel hits you with a +2 whip of freezing!
* * * LOW HITPOINT WARNING * * *
Pikel freezes you.
* * * LOW HITPOINT WARNING * * *
Pikel attacks as you move away!
Pikel hits you with a +2 whip of freezing!
You die...

## ####### # ...##.....## #
............## #
.............##### ....... #
....!............. ....... #
K...!.........#######.......####
.............5K@................
.............#######............
.................)###...........
................#.......####....
..>...............รท.<.#.####....
#...............###.............
#...............................
........#..........###..........
.>...####.......#...#...........


You could see Pikel and a lemure.

Vanquished Creatures
  A black bear (D:4)
  An ogre (D:5)
  3 lemures (D:5)
  A phantom (D:4)
  A scorpion (D:5)
  3 vampire bats (D:4)
  5 hounds
  2 iguanas
  2 orc wizards (D:5)
  A gnoll (D:4)
  14 adders
  A white imp (D:4)
  A worm (D:3)
  6 dart slugs
  3 orcs
  4 ball pythons
  2 bat skeletons (D:4)
  2 bat zombies (D:4)
  12 endoplasms
  3 giant cockroaches (D:4)
  7 hobgoblins
  3 jackals (D:4)
  10 kobolds
  3 quokkas
  3 bats
  6 frilled lizards
  6 goblins
  4 rats
110 creatures vanquished.

Notes
Turn   | Place    | Note
-------+----------+-------------------------------------------
     0 | D:1      | wolfrpgdude the Troll Fighter began the quest for the Orb.
     0 | D:1      | Reached XP level 1. HP: 22/22 MP: 0/0
   189 | D:1      | Reached XP level 2. HP: 25/29 MP: 1/1
   746 | D:2      | Reached XP level 3. HP: 18/36 MP: 2/2
  1057 | D:2      | Found a faded altar of an unknown god.
  1205 | D:2      | You fall into a shaft and drop 1 floor!
  1435 | D:3      | Reached XP level 4. HP: 38/44 MP: 3/3
  1436 | D:3      | Reached skill level 3 in Unarmed Combat
  1460 | D:3      | Found a sacrificial altar of Ru.
  1823 | D:4      | Reached XP level 5. HP: 52/52 MP: 4/4
  1963 | D:4      | Noticed a black bear
  1978 | D:4      | Killed a black bear
  1979 | D:4      | Reached skill level 4 in Unarmed Combat
  1979 | D:4      | Reached XP level 6. HP: 58/59 MP: 5/5
  2082 | D:4      | Found a radiant altar of Vehumet.
  2210 | D:4      | Found an ancient bone altar of Kikubaaqudgha.
  2238 | D:4      | Reached skill level 5 in Unarmed Combat
  2395 | D:4      | Gained mutation: You sometimes lose your temper in combat.
                  | [potion of mutation]
  2395 | D:4      | Gained mutation: You have a pair of small horns on your
                  | head. [potion of mutation]
  2399 | D:4      | Lost mutation: You have a pair of small horns on your head.
                  | [potion of mutation]
  2399 | D:4      | Lost mutation: You sometimes lose your temper in combat.
                  | [potion of mutation]
  2399 | D:4      | Gained mutation: You are robust. (+10% HP) [potion of
                  | mutation]
  2486 | D:4      | Reached XP level 7. HP: 72/72 MP: 6/6
  2894 | D:5      | Entered Level 5 of the Dungeon
  2936 | D:5      | Found an opulent altar of Gozag.
  3036 | D:5      | Found a glowing silver altar of Zin.
  3059 | D:5      | Reached skill level 6 in Unarmed Combat
  3078 | D:5      | Reached skill level 5 in Shields
  3159 | D:5      | Noticed Pikel
  3207 | D:5      | HP: 1/73 [Pikel/+2 whip of freezing (5)]
  3208 | D:5      | Mangled by Pikel

Illustrated notes

Levels and vault maps discovered:
D:1:      elethiomel_arrival_maze, layout_basic
D:2:      layout_basic, chequers_ecumenical_altar_lobes
D:3:      layout_rooms, old_standard_altar
D:4:      minmay_razor_zed, layout_basic, mainiacjoe_overflow_surrounded_room,
          kennysheep_vampire_church, minivault_24, kennysheep_nondescript,
          minmay_starry_boxes
D:5:      layout_rooms, pdpol_temple_overflow_zin_treasury_gozag_greed,
          minmay_temple_entry_offerings, uniq_pikel

Skill      XL: |  1  2  3  4  5  6  7 |
---------------+----------------------+-----
Shields        | 3 4 5 |  5.0
Dodging        | 3 4 |  4.1
Unarmed Combat | 3 4 5 6 |  6.2
Fighting       | 3 |  3.0
Polearms       | |  0.1
Stealth        | |  0.5

Action                   |  1- 3 |  4- 6 |  7- 9 || total
-------------------------+-------+-------+-------++-------
Melee: Unarmed           |    98 |   160 |    55 ||   313
       Giant club        |       |       |    37 ||    37
       Spear             |       |       |    21 ||    21
  Use: Scroll            |     3 |     4 |       ||     7
       Potion            |       |     2 |     1 ||     3
 Stab: Sleeping          |     1 |       |       ||     1
Armor: Robe              |    43 |    43 |    15 ||   101
Dodge: Dodged            |    29 |    99 |    63 ||   191
Block: Kite shield       |    42 |    72 |    36 ||   150
